 Dungeon Sprint DCSS version 0.21-a0-46-gdf2c162 (webtiles) character file.

1843 Sergey the Severer (level 8, -6/68 HPs)
             Began as a Demonspawn Gladiator on June 7, 2017.
             Was a Follower of Makhleb.
             Mangled by Sonja
             ... wielding a +2 dagger of distortion
              (23 damage)
             ... in the Dungeon (Sprint I: "Red Sonja").
             The game lasted 00:07:47 (1210 turns).

Sergey the Severer (Demonspawn Gladiator)           Turns: 1210, Time: 00:07:47

Health: -6/68      AC:  7    Str: 17    XL:     8   Next: 87%
Magic:  15/15      EV: 12    Int: 10    God:    Makhleb [*.....]
Gold:   416        SH:  0    Dex: 14    Spells: 7/7 levels left

rFire    . . .     SeeInvis .   a - +0 war axe
rCold    . . .     Gourm    .   (no shield)
rNeg     . . .     Faith    .   l - +0 ring mail
rPois    .         Spirit   .   (helmet unavailable)
rElec    .         Reflect  .   (no cloak)
rCorr    .         Harm     .   (no gloves)
MR       .....     NoTele   +   (no boots)
Stlth    +.........             (no amulet)
Regen    0.3/turn               (no ring)
MPRegen  0.2/turn               (no ring)

@: no status effects
A: horns 3, yellow scales 1, spiny 1, rot immunity
a: Renounce Religion


You were in the Dungeon.
You worshipped Makhleb.
Makhleb was aware of your devotion.
You were hungry.

You visited 1 branch You collected 416 gold pieces.

Inventory:

Hand Weapons
 a - a +0 war axe (weapon)
Armour
 b - a +0 leather armour
 l - a +0 ring mail (worn)
Potions
 e - a potion of curing
 i - 2 potions of magic
Comestibles
 f - a bread ration


   Skills:
 - Level 7.7 Fighting
 * Level 15.1 Axes
 - Level 1.7 Throwing
 - Level 2.6 Dodging
 + Level 9.4 Invocations


You had 7 spell levels left.
You didn't know any spells.

Dungeon Overview and Level Annotations

Branches:
Dungeon (1/1)

Altars:
Cheibriados
Dithmenos
Elyvilon
Fedhas
Gozag
Hepliaklqana
Kikubaaqudgha
Makhleb
Nemelex Xobeh
Okawaru
Qazlal
Ru
Sif Muna
Trog
Uskayaw
Vehumet
Wu Jian
Xom
Yredelemnul
Zin
The Shining One
Jiyva
Lugonu

Shops:
D =

Annotations:
D Sonja


Innate Abilities, Weirdness & Mutations

You have a pair of large horns on your head.
You are partially covered in yellow scales. (AC +2)
You are partially covered in sharp spines.
You are immune to rotting.


Message History

Space warps horribly around you! Sonja hits you but does no damage.
Sonja hits you with an uncursed dagger of distortion.
There is an open door here.
You closely miss Sonja. Your headbutt misses Sonja.
Sonja is struck by your spines.
Sonja hits you with an uncursed dagger of distortion.
Sonja hits you but does no damage. Space bends around you.
Sonja hits you but does no damage. Space warps horribly around you!
You hit Sonja. Your headbutt misses Sonja.
Sonja is moderately wounded.
Sonja hits you with an uncursed dagger of distortion.
You feel a strange sense of stasis.
Sonja hits you with an uncursed dagger of distortion.
* * * LOW HITPOINT WARNING * * *
You feel a strange sense of stasis. Sonja hits you but does no damage.
You feel a strange sense of stasis.
You hit Sonja.
Sonja is moderately wounded.
Sonja hits you but does no damage. Space warps horribly around you!
You die...

##########################
#<.#..').#..'..#__#..ss..#
#..'.[#..').#..'^.+s.#)..##+#
#..#####'#####+#__####...ss.#
#..####..#...#.####$$#####..+
#..#__####..##.#§≈§§.# ##
#..#_____##'#_.§≈§≈§
#⌠⌠#_.∩...'..K_#§≈§.c#
####_..__##_.#@##+####
#_____###+#(# ####### ###


You could see Sonja.

Vanquished Creatures
  A centaur warrior (D)
  2 kobold demonologists (D)
  A slime creature (D)
  Sigmund (D)
  A yak (D)
  A floating eye (D)
  An ogre (D)
  A jelly (D)
  Ijyb (D)
10 creatures vanquished.

Vanquished Creatures (others)
  4 ballistomycetes (D)
  2 ballistomycete spores (D)
6 creatures vanquished.

Grand Total: 16 creatures vanquished

Notes
Turn   | Place    | Note
-------+----------+-------------------------------------------
     0 | D        | Sergey the Demonspawn Gladiator began the quest for the Orb.
     0 | D        | Reached XP level 1. HP: 16/16 MP: 1/1
     2 | D        | Noticed Ijyb
    12 | D        | Killed Ijyb
    12 | D        | Reached skill level 5 in Axes
    12 | D        | Gained mutation: You have a pair of small horns on your head. [demonic ancestry]
    12 | D        | Reached XP level 2. HP: 25/25 MP: 2/2
    26 | D        | Noticed an ogre
    30 | D        | Killed an ogre
    30 | D        | Reached skill level 5 in Fighting
    30 | D        | Reached skill level 7 in Axes
    30 | D        | Reached XP level 3. HP: 33/33 MP: 3/3
    30 | D        | Gained mutation: You have a pair of horns on your head. [demonic ancestry]
    30 | D        | Reached XP level 4. HP: 39/39 MP: 4/4
    46 | D        | Noticed Sigmund
    54 | D        | Killed Sigmund
    54 | D        | Reached skill level 9 in Axes
    54 | D        | Gained mutation: You are partially covered in yellow scales. (AC +2) [demonic ancestry]
    54 | D        | Reached XP level 5. HP: 48/48 MP: 5/5
   112 | D        | Found an ornate altar of the Wu Jian Council.
   112 | D        | Found a deep blue altar of Sif Muna.
   114 | D        | Found a radiant altar of Vehumet.
   118 | D        | Reached skill level 10 in Axes
   118 | D        | Gained mutation: You are immune to rotting. [demonic ancestry]
   118 | D        | Reached XP level 6. HP: 51/56 MP: 6/6
   145 | D        | Found Vukoupho's Jewellery Emporium.
   145 | D        | Found an ancient bone altar of Kikubaaqudgha.
   145 | D        | Found a hazy altar of Hepliaklqana.
   145 | D        | Found a stormy altar of Qazlal.
   145 | D        | Found a hide-covered altar of Uskayaw.
   145 | D        | Found a blossoming altar of Fedhas.
   145 | D        | Found a bloodstained altar of Trog.
   145 | D        | Found an iron altar of Okawaru.
   145 | D        | Found a basalt altar of Yredelemnul.
   145 | D        | Found a glowing golden altar of the Shining One.
   145 | D        | Found a snail-covered altar of Cheibriados.
   145 | D        | Found a sacrificial altar of Ru.
   145 | D        | Found a glowing silver altar of Zin.
   145 | D        | Found a shadowy altar of Dithmenos.
   145 | D        | Found a white marble altar of Elyvilon.
   145 | D        | Noticed a yak
   152 | D        | Killed a yak
   152 | D        | Reached skill level 11 in Axes
   153 | D        | Found an opulent altar of Gozag.
   154 | D        | Found a sparkling altar of Nemelex Xobeh.
   377 | D        | Found a burning altar of Makhleb.
   377 | D        | Found a viscous altar of Jiyva.
   377 | D        | Found a shimmering altar of Xom.
   377 | D        | Found a corrupted altar of Lugonu.
   377 | D        | Noticed a slime creature
   384 | D        | Killed a slime creature
   384 | D        | Reached skill level 12 in Axes
   384 | D        | Gained mutation: You are partially covered in sharp spines. [demonic ancestry]
   384 | D        | Reached XP level 7. HP: 45/61 MP: 7/7
   464 | D        | Became a worshipper of Makhleb the Destroyer
   522 | D        | Noticed a kobold demonologist
   523 | D        | Noticed a kobold demonologist
   524 | D        | Noticed a red devil
   526 | D        | Reached skill level 13 in Axes
   528 | D        | Noticed a hellwing
   531 | D        | Killed a kobold demonologist
   531 | D        | Reached skill level 5 in Invocations
   532 | D        | Noticed a smoke demon
   534 | D        | Killed a kobold demonologist
   534 | D        | Reached * piety under Makhleb
   534 | D        | Reached skill level 14 in Axes
   534 | D        | Gained mutation: You have a pair of large horns on your head. [demonic ancestry]
   534 | D        | Reached XP level 8. HP: 23/68 MP: 7/13
   763 | D        | Noticed a demonic crawler
   763 | D        | Noticed a demonic crawler
   763 | D        | Noticed a demonic crawler
   763 | D        | Noticed a demonic crawler
  1039 | D        | Noticed a centaur warrior
  1041 | D        | Noticed a centaur warrior
  1055 | D        | Killed a centaur warrior
  1055 | D        | Reached skill level 15 in Axes
  1201 | D        | Noticed Sonja
  1210 | D        | Mangled by Sonja

Vault maps used:
D:        dungeon_sprint_1

Skill      XL: |  1  2  3  4  5  6  7  8 |
---------------+-------------------------+-----
Fighting       | 3 5 7 |  7.7
Axes           | 5 7 9 10 12 14 15 | 15.1
Invocations    | 6 9 |  9.4
Throwing       | |  1.7
Dodging        | |  2.6

Action                   |  1- 3 |  4- 6 |  7- 9 || total
-------------------------+-------+-------+-------++-------
Melee: War axe           |     8 |    19 |    27 ||    54
       Headbutt          |       |     4 |    11 ||    15
Throw: Throwing net      |     4 |     2 |     2 ||     8
  Use: Potion            |       |     1 |     2 ||     3
       Scroll            |       |       |     2 ||     2
 Stab: Held in net/web   |     2 |       |       ||     2
       Sleeping          |       |     1 |       ||     1
Armor: Leather armour    |       |     1 |       ||     1
       Ring mail         |       |       |    16 ||    16
Dodge: Dodged            |     1 |     8 |    24 ||    33
